 Dungeon Crawl Stone Soup version 0.22.0 (webtiles) character file.

644 Blackhawk the Shield-Bearer (level 7, -3/56 HPs)
             Began as a Formicid Fighter on Oct 24, 2018.
             Was an Initiate of Makhleb.
             Slain by Pikel
             ... wielding a +2 whip of electrocution
              (6 damage)
             ... on level 6 of the Dungeon.
             The game lasted 00:09:28 (4986 turns).

Blackhawk the Shield-Bearer (Formicid Fighter)      Turns: 4986, Time: 00:09:28

Health: -3/56      AC:  8    Str: 22    XL:     7   Next: 82%
Magic:  7/7        EV:  8    Int:  8    God:    Makhleb [......]
Gold:   226        SH: 10    Dex: 10    Spells: 6/6 levels left

rFire    . . .     SeeInvis +   a - +0 flail
rCold    . . .     Gourm    .   c - +0 shield
rNeg     . . .     Faith    .   b - +0 scale mail
rPois    .         Spirit   .   (helmet unavailable)
rElec    .         Reflect  .   (no cloak)
rCorr    .         Harm     .   (no gloves)
MR       .....                  i - +0 pair of boots
Stlth    ..........             (no amulet)
HPRegen  0.18/turn              (no ring)
MPRegen  0.10/turn              (no ring)

@: no status effects
A: permanent stasis, dig shafts and tunnels, four strong arms, antennae 3
a: Dig, Shaft Self, Renounce Religion


You were on level 6 of the Dungeon.
You worshipped Makhleb.
Makhleb was noncommittal.
You were not hungry.

You visited 2 branches of the dungeon, and saw 7 of its levels.

You collected 226 gold pieces.

Inventory:

Hand Weapons
 a - a +0 flail (weapon)
 y - a +2 hunting sling of freezing
 F - a +0 hand axe of electrocution
Missiles
 h - 78 sling bullets
 o - 94 stones (quivered)
Armour
 b - a +0 scale mail (worn)
 c - a +0 shield (worn)
 i - a +0 pair of boots (worn)
Jewellery
 g - an uncursed ring of see invisible {unknown}
 k - an uncursed amulet of the gourmand {unknown}
 n - a +4 ring of intelligence {unknown}
 x - an uncursed amulet of faith {unknown}
Wands
 G - a wand of polymorph (10)
Scrolls
 e - 4 scrolls of remove curse {unknown}
 p - 5 scrolls of teleportation {unknown}
 q - 9 scrolls of identify {unknown}
 r - 2 scrolls of enchant weapon {unknown}
 s - a scroll of amnesia {unknown}
 t - 3 scrolls of random uselessness {unknown}
 u - a scroll of magic mapping {unknown}
 v - 5 scrolls of enchant armour {unknown}
 w - 2 scrolls of fog {unknown}
 B - 3 scrolls of blinking {unknown}
 D - a scroll of noise {unknown}
Potions
 d - 2 potions of might
 j - 3 potions of mutation {unknown}
 l - a potion of flight {unknown}
 m - 4 potions of lignification {unknown}
 z - 2 potions of curing {unknown}
 A - a potion of invisibility {unknown}
 C - 2 potions of brilliance {unknown}
 E - 2 potions of haste {unknown}
Comestibles
 f - 7 rations


   Skills:
 + Level 5.5 Fighting
 + Level 4.3 Maces & Flails
 + Level 5.4 Armour
 + Level 5.9 Shields


You had 6 spell levels left.
You didn't know any spells.
Your spell library contained the following spells:

 Spells                   Type           Power        Failure   Level  Hunger
 Confuse                  Hex            #.......     99%         3    ####...
 Confusing Touch          Hex            #.....       90%         1    ##.....
 Metabolic Englaciation   Hex/Ice        #.........   100%        5    ######.
 Petrify                  Tmut/Erth      #.......     100%        4    #####..
 Gell's Gravitas          Tloc           #.........   99%         3    ####...
 Yara's Violent Unravell  Hex/Tmut       #.........   100%        5    ######.


Dungeon Overview and Level Annotations

Branches:
Dungeon (6/15)             Temple (1/1) D:4

Altars:
Ashenzari
Cheibriados
Dithmenos
Elyvilon
Fedhas
Gozag
Hepliaklqana
Kikubaaqudgha
Makhleb
Nemelex Xobeh
Okawaru
Qazlal
Ru
Sif Muna
Trog
Uskayaw
Vehumet
Wu Jian
Xom
Yredelemnul
Zin
The Shining One

Shops:
D:4 *

Annotations:
D:6 Pikel


Innate Abilities, Weirdness & Mutations

You cannot be hasted, slowed, berserked, paralysed or teleported.
You can dig through walls and to a lower floor.
Your four strong arms can wield two-handed weapons with a shield.
You have a pair of large antennae on your head. (SInv)


Message History

Pikel barely misses you.
You hit Pikel.
Pikel is severely wounded.
Pikel hits you with a whip of electrocution.
* * * LOW HITPOINT WARNING * * *
Pikel barely misses you.
You closely miss Pikel.
Pikel is severely wounded.
Pikel hits you but does no damage.
You barely miss Pikel.
Pikel is severely wounded.
You block Pikel's attack.
You hit Pikel.
Pikel is almost dead.
Pikel smiles. "I know this place well.
And it is filled with the corpses of daring fools like you!
Won't you join me?" You block Pikel's attack.
You barely miss Pikel.
Pikel is almost dead.
Pikel hits you with a whip of electrocution.
You die...

#.#.# #.
###.#<# #.
#...### #.
#.### #. #.# #.
#.# #. #.#
####.#.######.#
......pppK@...#
####.#p########
... .....
K..p..> .....#.
...!.#. .....#.


You could see Pikel and 4 slaves.

Vanquished Creatures
  An ice beast (D:6)
  An ogre (D:4)
  A phantom (D:4)
  A hound (D:5)
  4 orc wizards
  A worker ant (D:4)
  A hound skeleton (D:4)
  A howler monkey zombie (D:6)
  11 adders
  An adder skeleton (D:5)
  3 dart slugs
  3 leopard geckos
  15 orcs
  A ball python (D:2)
  10 bats
  4 giant cockroaches
  5 goblins
  8 hobgoblins
  2 jackals (D:4)
  5 kobolds
  2 quokkas
  3 frilled lizards
  A jackal skeleton (D:4)
  4 rats
89 creatures vanquished.

Notes
Turn   | Place    | Note
-------+----------+-------------------------------------------
     0 | D:1      | Blackhawk the Formicid Fighter began the quest for the Orb.
     0 | D:1      | Reached XP level 1. HP: 18/18 MP: 1/1
    92 | D:1      | Reached XP level 2. HP: 22/24 MP: 2/2
   325 | D:1      | Reached XP level 3. HP: 29/29 MP: 3/3
   876 | D:2      | Reached XP level 4. HP: 29/37 MP: 4/4
  1345 | D:2      | Found a shattered altar of Ashenzari.
  1432 | D:2      | Found an ornate altar of the Wu Jian Council.
  1829 | D:3      | Reached XP level 5. HP: 40/42 MP: 5/5
  2971 | D:4      | Found Zin's Purification Station.
  2975 | D:4      | Found a glowing silver altar of Zin.
  3021 | D:4      | Reached XP level 6. HP: 43/49 MP: 6/6
  3071 | D:4      | Found a staircase to the Ecumenical Temple.
  3083 | Temple   | Entered the Ecumenical Temple
  3172 | Temple   | Became a worshipper of Makhleb the Destroyer
  3316 | D:4      | Noticed an ogre
  3320 | D:4      | Noticed a phantom
  3324 | D:4      | Killed an ogre
  3324 | D:4      | Reached skill level 5 in Shields
  3647 | D:4      | Killed a phantom
  3647 | D:4      | Reached skill level 5 in Fighting
  3647 | D:4      | Reached skill level 5 in Armour
  3647 | D:4      | Reached XP level 7. HP: 44/56 MP: 7/7
  3766 | D:5      | Entered Level 5 of the Dungeon
  3972 | D:5      | Found an ancient bone altar of Kikubaaqudgha.
  3983 | D:5      | Found a glowing golden altar of the Shining One.
  4050 | D:5      | Found a blossoming altar of Fedhas.
  4054 | D:5      | Found a stormy altar of Qazlal.
  4631 | D:5      | Found a shimmering altar of Xom.
  4950 | D:6      | Noticed Pikel
  4982 | D:6      | HP: 2/56 [Pikel/whip of electrocution (3)]
  4986 | D:6      | Slain by Pikel

Skill      XL: |  1  2  3  4  5  6 |
---------------+-------------------+-----
Shields        | 4 5 |  5.9
Fighting       | 4 5 |  5.5
Armour         | 4 5 |  5.4
Maces & Flails | 3 4 |  4.3

Action                   |  1- 3 |  4- 6 |  7- 9 || total
-------------------------+-------+-------+-------++-------
Melee: Flail             |    80 |   261 |    93 ||   434
  Eat: Chunk             |       |     9 |     5 ||    14
Armor: Scale mail        |    46 |   119 |    35 ||   200
Dodge: Dodged            |    17 |    82 |    21 ||   120
Block: Shield            |    47 |   130 |    35 ||   212
